 Dungeon Crawl Stone Soup version 0.31.0-12-g77e489cdc1 (webtiles) character file.

Game seed: 7549653137199227543

5929 gohu the Thaumaturge (level 11, 0/75 HPs)
             Began as a Djinni Fire Elementalist on Mar 6, 2024.
             Was a Priest of Makhleb.
             Slain by an orc warlord
             ... wielding a +5 broad axe
              (12 damage)
             ... in a bailey.
             The game lasted 00:28:17 (6974 turns).

gohu the Thaumaturge (Djinni Fire Elementalist)     Turns: 6974, Time: 00:28:18

Health: 0/75       AC:  5    Str:  7    XL:     11   Next: 9%
Gold:   257        EV: 11    Int: 20    God:    Makhleb [***...] SH:  5 Dex: 15

rFire   + + .        i - +2 mace (protect)
rCold   . . .        c - +0 buckler
rNeg    . . .        a - +0 robe
rPois   ∞            u - +0 helmet
rElec   .            (no cloak)
rCorr   .            A - +0 pair of gloves
SInv    .            (boots unavailable)
Will    +....        C - amulet of regeneration
Stlth   ++           B - ring of protection from cold
HPRegen 1.12/turn    (no ring)
MPRegen 0.00/turn

%: infuse magic (-1 HP)
@: flying, studying 2 skills
A: sickness immunity, fire resistance 2, cold vulnerability 1, float, innate
caster, HP casting, extra vitality 1
a: Renounce Religion, Minor Destruction, Lesser Servant of Makhleb


You were in a bailey.
You worshipped Makhleb.
Makhleb was most pleased with you.
You visited 1 branch of the dungeon, and saw 8 of its levels.
You also visited: Bailey.

You collected 627 gold pieces.
You spent 370 gold pieces at shops.

Inventory:

Hand Weapons
 i - a +2 mace of protection (weapon)
Missiles
 k - 6 boomerangs
Armour
 a - a +0 robe (worn)
 c - a +0 buckler (worn)
 o - +0 gold dragon scales
 t - a +3 leather armour
 u - a +0 helmet (worn)
 A - a +0 pair of gloves (worn)
Jewellery
 B - a ring of protection from cold (left hand)
 C - an amulet of regeneration (around neck)
Wands
 v - a wand of paralysis (22)
 D - a wand of flame (6)
Scrolls
 b - 6 scrolls of teleportation
 d - 2 scrolls of fear
 w - 2 scrolls of enchant weapon
Potions
 e - a potion of enlightenment
 f - 5 potions of curing {unknown}
 g - 2 potions of invisibility
 h - 2 potions of mutation {unknown}
 j - a potion of ambrosia
 l - a potion of might {unknown}
 m - 2 potions of haste {unknown}
 p - 2 potions of brilliance {unknown}
 q - a potion of berserk rage
 r - 4 potions of attraction {unknown}
 s - 2 potions of lignification {unknown}
 E - 2 potions of magic
 F - a potion of resistance


   Skills:
 * Level 5.0 Fighting
 * Level 7.2 Armour
 - Level 2.1 Dodging
 - Level 1.5 Stealth
 * Level 4.2 Shields
 - Level 10.3 Spellcasting
 - Level 10.3 Conjurations
 - Level 10.3 Hexes
 - Level 10.3 Summonings
 - Level 10.3 Necromancy
 - Level 10.3 Translocations
 - Level 10.3 Fire Magic
 - Level 10.3 Ice Magic
 - Level 10.3 Air Magic
 - Level 10.3 Earth Magic
 - Level 10.3 Alchemy
 * Level 5.0 Invocations


You knew the following spells:

 Your Spells              Type           Power      Damage    Failure   Level
a - Foxfire               Conj/Fire      100%       2x1d9     1%          1
b - Flame Wave            Conj/Fire      51%        2d13      1%          4
c - Volatile Blastmotes   Fire/Tloc      100%       2d18      1%          3
d - Mephitic Cloud        Conj/Alch/Air  51%        N/A       1%          3
e - Scorch                Fire           100%       2d9       1%          2
f - Magic Dart            Conj           100%       1d8       1%          1
g - Searing Ray           Conj           100%       2d8       1%          2
h - Inner Flame           Hex/Fire       51%        N/A       1%          3
i - Vhi's Electric Charg  Tloc/Air       100%       N/A       1%          4
j - Leda's Liquefaction   Alch/Erth      25%        N/A       1%          4
Your spell library was empty.

Dungeon Overview and Level Annotations

Branches:
Dungeon (8/15)             Temple (0/1) D:6          Bailey (1/1)
   Lair: D:8-11

Altars:
Ashenzari
Hepliaklqana
Makhleb
Nemelex Xobeh
Ru
Xom
Zin
The Shining One

Shops:
D:1 (   D:5 =   D:6 =   D:7 ?([[:


Innate Abilities, Weirdness & Mutations

You are immune to sickness and miasma.
You are immune to poison.
Your flesh is very heat resistant. (rF++)
You are vulnerable to cold. (rC-)
You float through the air rather than walking.
You learn spells naturally, not from books.
Your magical power is your life essence.
You have superior vitality. (+4 MHP)


Message History

The orc warlord is engulfed in noxious fumes.
Casting: Mephitic Cloud (safe; 1% risk of failure)
Confirm with . or Enter, or press ? or * to list all spells.
Casting: Flame Wave (dangerous; 1% risk of failure)
Press: ? - help, Dir - look around, f - activate A wave of flame ripples out!
The flame wave engulfs the orc knight but does no damage.
The orc knight is moderately wounded. (Press . to intensify the flame waves.)
The orc knight is engulfed in noxious fumes.
The orc knight appears confused.
The orc warlord is engulfed in noxious fumes.
A wave of flame ripples out!
The flame wave engulfs the orc warlord!
The orc warlord is severely wounded.
The flame wave engulfs the orc knight!
The orc knight is heavily wounded.
The orc knight is engulfed in noxious fumes.
The orc warlord is engulfed in noxious fumes.
A wave of flame ripples out!
The flame wave engulfs the orc warlord but does no damage.
The orc warlord is severely wounded.
The flame wave engulfs the orc knight.
The orc knight is heavily wounded.
You finish channelling waves of flame.
The orc warlord is engulfed in noxious fumes.
The orc warlord hits you with a +5 broad axe!
* * * LOW HITPOINT WARNING * * *
Casting: Flame Wave (dangerous; 1% risk of failure)
Confirm with . or Enter, or press ? or * to list all spells.
Casting: Flame Wave (dangerous; 1% risk of failure)
Press: ? - help, Dir - look around, f - activate A wave of flame ripples out!
The flame wave engulfs the orc warlord!
The orc warlord is almost dead. (Press . to intensify the flame waves.)
* * * LOW HITPOINT WARNING * * *
The orc warlord seems less confused.
The orc warlord is engulfed in noxious fumes.
The orc warlord appears confused.
The orc warlord hits you with a +5 broad axe!
You die...

#######.....⌠.)...##
##.....##)......).##.
#.......'....).)).'..
##.......##...))..##..
#.........#.......#...
##...§.....##.....##...
#.....§.....#######....
#.....§...## ##...
#....@§§..# #...
##...o.o.## ##..
#...○○§.# #.. ##.....##
##. ##'#### ## #... ##.
#..... #.. #...... ..
##.. ....g... ... #...


You could see an orc warlord (confused) and an orc knight (strong, confused).

Vanquished Creatures
  2 two-headed ogres
  A wraith (D:6)
  6 yaks (D:6)
  2 steam dragons
  A water moccasin (D:7)
  An ice beast (D:6)
  13 orc warriors (Bailey)
  2 ogres
  A sky beast (D:6)
  2 black bears
  2 centaurs
  A kobold brigand (D:7)
  A phantom (D:5)
  A bullfrog (D:8)
  2 gnoll sergeants (D:7)
  7 wights
  4 killer bees (D:7)
  2 hounds
  2 orc priests
  3 sleepcaps
  2 iguanas
  3 orc wizards
  Robin (D:3)
  16 gnolls
  3 adders
  A white imp (D:7)
  4 dart slugs
  2 ribbon worms
  18 orcs
  8 bats
  5 endoplasms
  4 giant cockroaches
  25 goblins
  12 hobgoblins
  5 jackals
  13 kobolds
  2 quokkas
  4 ball pythons
  3 frilled lizards
  3 rats
190 creatures vanquished.

Vanquished Creatures (others)
  617 foxfires
617 creatures vanquished.

Grand Total: 807 creatures vanquished

Notes
Turn   | Place    | Note
-------+----------+-------------------------------------------
     0 | D:1      | gohu the Djinni Fire Elementalist began the quest for the
                  | Orb.
     0 | D:1      | gohu set off with the following spells memorised: Foxfire,
                  | Scorch, Volatile Blastmotes, Inner Flame, Flame Wave.
     0 | D:1      | Reached XP level 1. HP: 15/15 MP: 0/0
   110 | D:1      | Reached XP level 2. HP: 21/21 MP: 0/0
   232 | D:1      | Found Bierph Xelax's Antique Weapon Shoppe.
   952 | D:2      | Reached XP level 3. HP: 24/25 MP: 0/0
   952 | D:2      | Learned a level 1 spell: Magic Dart
  1042 | D:2      | You are sucked into a shaft and drop 1 floor!
  1565 | D:2      | Reached XP level 4. HP: 21/31 MP: 0/0
  2020 | D:3      | Found a burning altar of Makhleb.
  2022 | D:3      | Found a glowing silver altar of Zin.
  2022 | D:3      | Noticed a blizzard demon
  2022 | D:3      | Noticed an angel
  2025 | D:3      | Became a worshipper of Makhleb the Destroyer
  2130 | D:3      | Noticed an ogre
  2155 | D:3      | Killed an ogre
  2156 | D:3      | Reached skill level 5 in Spellcasting
  2156 | D:3      | Reached skill level 5 in Conjurations
  2156 | D:3      | Reached skill level 5 in Hexes
  2156 | D:3      | Reached skill level 5 in Summonings
  2156 | D:3      | Reached skill level 5 in Necromancy
  2156 | D:3      | Reached skill level 5 in Translocations
  2156 | D:3      | Reached skill level 5 in Fire Magic
  2156 | D:3      | Reached skill level 5 in Ice Magic
  2156 | D:3      | Reached skill level 5 in Air Magic
  2156 | D:3      | Reached skill level 5 in Earth Magic
  2156 | D:3      | Reached skill level 5 in Alchemy
  2156 | D:3      | Reached XP level 5. HP: 21/35 MP: 0/0
  2156 | D:3      | Learned a level 2 spell: Searing Ray
  2163 | D:3      | Reached XP level 6. HP: 22/40 MP: 0/0
  2351 | D:3      | Noticed Robin
  2364 | D:3      | Killed Robin
  2428 | D:3      | Found a faded altar of an unknown god.
  2500 | D:3      | Found a sparkling altar of Nemelex Xobeh.
  2502 | D:3      | Found a shimmering altar of Xom.
  2505 | D:3      | Found a sacrificial altar of Ru.
  2691 | D:4      | Noticed a black bear
  2699 | D:4      | Killed a black bear
  2699 | D:4      | Reached * piety under Makhleb
  2719 | D:4      | Reached XP level 7. HP: 38/45 MP: 0/0
  2719 | D:4      | Learned a level 3 spell: Mephitic Cloud
  3371 | D:4      | Found a broken altar of Ashenzari.
  3442 | D:5      | Entered Level 5 of the Dungeon
  3522 | D:5      | Found Fihy's Jewellery Emporium.
  4349 | D:6      | Noticed a steam dragon
  4365 | D:6      | Killed a steam dragon
  4366 | D:6      | Reached XP level 8. HP: 19/50 MP: 0/0
  4653 | D:6      | Found Distoul's Jewellery Shoppe.
  4658 | D:6      | Found a staircase to the Ecumenical Temple.
  4705 | D:6      | Bought an amulet of regeneration for 300 gold pieces
  4835 | D:6      | Noticed a wraith
  4851 | D:6      | Killed a wraith
  4924 | D:6      | Noticed a yak
  4925 | D:6      | Noticed a yak
  4932 | D:6      | Noticed a yak
  4933 | D:6      | Noticed a yak
  4935 | D:6      | Noticed a yak
  4937 | D:6      | Noticed a yak
  4944 | D:6      | Killed a yak
  4945 | D:6      | Reached XP level 9. HP: 20/55 MP: 0/0
  4945 | D:6      | Learned a level 4 spell: Vhi's Electric Charge
  5185 | D:6      | Found a glowing golden altar of the Shining One.
  5304 | D:6      | Reached skill level 10 in Spellcasting
  5304 | D:6      | Reached skill level 10 in Conjurations
  5304 | D:6      | Reached skill level 10 in Hexes
  5304 | D:6      | Reached skill level 10 in Summonings
  5304 | D:6      | Reached skill level 10 in Necromancy
  5304 | D:6      | Reached skill level 10 in Translocations
  5304 | D:6      | Reached skill level 10 in Fire Magic
  5304 | D:6      | Reached skill level 10 in Ice Magic
  5304 | D:6      | Reached skill level 10 in Air Magic
  5304 | D:6      | Reached skill level 10 in Earth Magic
  5304 | D:6      | Reached skill level 10 in Alchemy
  5521 | D:7      | Found Daskid's Book Shoppe.
  5533 | D:7      | Reached skill level 1 in Armour
  5560 | D:7      | Reached ** piety under Makhleb
  5561 | D:7      | Reached skill level 1 in Fighting
  5561 | D:7      | Reached skill level 1 in Invocations
  5574 | D:7      | Reached XP level 10. HP: 35/64 MP: 0/0
  5613 | D:7      | Found a hazy altar of Hepliaklqana.
  5796 | D:7      | Found Pupihia's Armour Emporium.
  5944 | D:7      | Noticed a two-headed ogre
  5957 | D:7      | Killed a two-headed ogre
  6061 | D:7      | Found Houtwet's Antique Armour Shop.
  6093 | D:7      | Found Aheotzo's Magic Scroll Shoppe.
  6097 | D:7      | Found Kofun's Antique Weapon Boutique.
  6101 | D:7      | Bought a scroll of identify for 28 gold pieces
  6101 | D:7      | Bought a scroll of teleportation for 42 gold pieces
  6194 | D:7      | Reached skill level 5 in Armour
  6395 | D:8      | Noticed a two-headed ogre
  6401 | D:8      | Killed a two-headed ogre
  6564 | D:8      | Found a flagged portal.
  6573 | Bailey   | Entered a bailey
  6706 | Bailey   | Reached *** piety under Makhleb
  6768 | Bailey   | Noticed an orc warlord
  6796 | Bailey   | Reached XP level 11. HP: 74/74 MP: 0/0
  6796 | Bailey   | Learned a level 4 spell: Leda's Liquefaction
  6927 | Bailey   | Reached skill level 5 in Fighting
  6927 | Bailey   | Reached skill level 5 in Invocations
  6965 | Bailey   | Noticed an orc knight
  6974 | Bailey   | Slain by an orc warlord

Illustrated notes

Levels and vault maps discovered:
D:1:      heliophobic_arrival_glass_houses, layout_basic, serial_shops,
          nicolae_diamond_shop
D:2:      layout_loops_cross
D:3:      layout_rooms, grunt_temple_overflow_order_and_chaos_2,
          grunt_temple_overflow_diamond, chequers_ecumenical_altar_simple_redux,
          uniq_robin
D:4:      layout_basic, cheibrodos_ashenzari_chains, minmay_manual_mail
D:5:      layout_basic, serial_shops, shop
D:6:      layout_loops_ring, tso_altar, minmay_temple_entry_glassed_door,
          serial_shops, shop, minmay_manual_mandibuliform
D:7:      layout_rooms, mainiacjoe_overflow_concentric_impassable, serial_shops,
          shop, nicolae_shop_pleasant_corner_grove, nicolae_shop_peninsula,
          nicolae_shop_tiny_glass, shop_fountains
D:8:      layout_layer_cave, enter_bailey_8, grunt_ministairs_15
Bailey:   bailey_axe_minmay_hex_keep, bailey

Skill      XL: |  1  2  3  4  5  6  7  8  9 10 11 |
---------------+----------------------------------+-----
Spellcasting   | 4 5 6 7 8 10 | 10.3
Conjurations   | 4 5 6 7 8 10 | 10.3
Hexes          | 4 5 6 7 8 10 | 10.3
Summonings     | 4 5 6 7 8 10 | 10.3
Necromancy     | 4 5 6 7 8 10 | 10.3
Translocations | 4 5 6 7 8 10 | 10.3
Fire Magic     | 4 5 6 7 8 10 | 10.3
Ice Magic      | 4 5 6 7 8 10 | 10.3
Air Magic      | 4 5 6 7 8 10 | 10.3
Earth Magic    | 4 5 6 7 8 10 | 10.3
Alchemy        | 4 5 6 7 8 10 | 10.3
Armour         | 2 6 7 |  7.2
Fighting       | 1 4 5 |  5.0
Invocations    | 1 4 5 |  5.0
Shields        | 3 4 |  4.2
Dodging        | |  2.1
Stealth        | |  1.5

Action                     |  1- 3 |  4- 6 |  7- 9 | 10-12 || total
---------------------------+-------+-------+-------+-------++-------
  Melee: Mace              |       |       |       |     1 ||     1
   Cast: Foxfire           |    73 |    65 |   100 |   117 ||   355
         Volatile Blastmot |       |     8 |    39 |    18 ||    65
         Scorch            |       |     1 |       |       ||     1
         Mephitic Cloud    |       |       |     9 |    18 ||    27
         Flame Wave        |       |       |       |    25 ||    25
    Use: Scroll            |       |       |       |    14 ||    14
         Potion            |       |       |       |     1 ||     1
 Armour: Robe              |    21 |    16 |    33 |    38 ||   108
  Dodge: Dodged            |    13 |    18 |    20 |    26 ||    77
  Block: Buckler           |     6 |     4 |     4 |     9 ||    23
